 Dungeon Crawl Stone Soup version 0.17.1-1-g73c8601 (webtiles) character file.

6488 shmeve the Fighter (level 10, -7/135 HPs)
             Began as a Pale Draconian Berserker on Apr 18, 2016.
             Was a High Priest of Trog.
             Mangled by a soldier ant (8 damage)
             ... on level 8 of the Dungeon.
             The game lasted 00:22:09 (6781 turns).

shmeve the Fighter (Pale Draconian Berserker)       Turns: 6781, Time: 00:22:09

Health: -7/135     AC: 11    Str: 27    XL:     10   Next: 68%
Magic:  10/10      EV: 18    Int:  8    God:    Trog [*****.]
Gold:   359        SH: 11    Dex: 11    Spells: 0 memorised, 9 levels left

rFire  . . .     SeeInvis .     t - +1 war axe
rCold  . . .     Clarity  .     (armour unavailable)
rNeg   . . .     SustAt   .     r - +0 shield
rPois  .         Gourm    +     (helmet restricted)
rElec  .         Spirit   .     (no cloak)
rCorr  .         Warding  .     i - +2 pair of gloves
rMut   .         Stasis   .     z - +0 pair of boots
MR     ++...                    l - amulet of the gourmand
Stlth  ..........               (no ring)
                                d - +5 ring of evasion

@: berserking, lethally poisoned (-7 -> -13), regenerating, very quick, very
resistant to hostile enchantments, extremely unstealthy
A: breathe steam, unfitting armour, cold-blooded, AC +7
a: Breathe Steam, Berserk, Trog's Hand, Brothers in Arms, Burn Spellbooks,
Renounce Religion


You were on level 8 of the Dungeon.
You worshipped Trog.
Trog was extremely pleased with you.
You were full.

You visited 2 branches of the dungeon, and saw 9 of its levels.

You collected 359 gold pieces.

Inventory:

Hand Weapons
 t - a +1 war axe (weapon)
Missiles
 n - 9 tomahawks of returning (quivered)
 s - 3 throwing nets
 x - 21 poisoned needles
Armour
 i - a +2 pair of gloves (worn)
 r - a +0 shield (worn)
 z - a +0 pair of boots (worn)
Jewellery
 d - a +5 ring of evasion (left hand)
 l - an amulet of the gourmand (around neck)
Scrolls
 c - 3 scrolls of teleportation
 e - 2 scrolls of remove curse {unknown}
 f - a scroll of magic mapping {unknown}
 j - 3 scrolls of identify
 y - a scroll of amnesia {unknown}
Potions
 g - a potion of might
 h - 4 potions of curing
 m - 2 potions of cancellation
 o - 3 potions of flight
 q - a potion of haste {unknown}
 u - a potion of agility
Comestibles
 a - 4 fruits
 b - 6 bread rations
 k - 5 meat rations
 p - a slice of pizza
 v - 3 chunks of flesh
 w - 7 beef jerkies


   Skills:
 * Level 8.8 Fighting
 * Level 7.8 Axes
 + Level 4.7 Throwing
 * Level 7.1 Dodging
 + Level 4.7 Stealth
 * Level 7.4 Shields


You had 9 spell levels left.
You didn't know any spells.

Dungeon Overview and Level Annotations

Branches:
Dungeon (8/15)             Temple (1/1) D:4            Lair (0/8) D:8

Altars:
Cheibriados
Fedhas
Gozag
Kikubaaqudgha
Nemelex Xobeh
Qazlal
Trog


Innate Abilities, Weirdness & Mutations

You can breathe blasts of scalding, opaque steam.
Your pale cyan-grey scales are hard (AC +7).
Your body does not fit into most forms of armour.
You are cold-blooded and may be slowed by cold attacks.


Message History

You feel sick. The soldier ant misses you.
Unknown command.
You hit the soldier ant. You tail-slap the soldier ant.
The soldier ant is severely wounded.
You feel sick. The soldier ant stings you!
* * * LOW HITPOINT WARNING * * *
You are lethally poisoned!
The soldier ant poisons you!
Unknown command.
You hit the soldier ant.
The soldier ant is severely wounded.
* * * LOW HITPOINT WARNING * * *
You feel very sick. You block the soldier ant's attack.
Unknown command.
You hit the soldier ant.
Your tail-slap misses the soldier ant.
The soldier ant is almost dead.
* * * LOW HITPOINT WARNING * * *
You feel sick. The soldier ant stings you!
You die...

.#........# ..
### ###...†..# ##
.###..# ##......#
#.a....##...#####
#......##..#
#...a§†##..#
##a..a#†#..#
#.a.aa##a#..#
a##### ##@..#
#....# .........#
.........#
##########


You could see a soldier ant.

Vanquished Creatures
  A queen ant (D:8)
  A troll (D:8)
  Sigmund (D:3)
  Menkaure (D:4)
  17 soldier ants (D:8)
  4 wolves (D:8)
  An orc warrior (D:7)
  The ghost of duckroller the Conjurer, an amateur DEFE of Vehumet (D:7)
  A water moccasin (D:5)
  Duvessa (D:5)
  2 sky beasts
  A necrophage (D:6)
  5 ogres
  2 centaurs
  A big kobold (D:7)
  A giant frog (D:7)
  Dowan (D:5)
  A scorpion (D:4)
  3 wights (D:8)
  3 crimson imps
  8 hounds
  A centaur zombie (D:7)
  4 orc priests
  A giant frog zombie (D:5)
  3 giant frog skeletons
  A centaur skeleton (D:4)
  2 orc wizards
  Natasha (thrice) (D:2)
  3 iguanas
  14 worker ants
  A worker ant zombie (D:8)
  7 adders
  A shadow imp (D:5)
  4 worms
  3 adder skeletons
  6 orcs
  10 giant cockroaches
  15 hobgoblins
  16 jackals
  15 kobolds
  2 quokkas
  13 bats
  4 giant geckos
  A giant gecko skeleton (D:6)
  4 giant newts
  9 goblins
  10 rats
210 creatures vanquished.

Notes
Turn   | Place    | Note
--------------------------------------------------------------
     0 | D:1      | shmeve the Draconian Berserker began the quest for the Orb.
     0 | D:1      | Reached XP level 1. HP: 19/19 MP: 1/1
   206 | D:1      | Reached XP level 2. HP: 19/26 MP: 2/2
   496 | D:1      | Reached skill level 1 in Stealth
   536 | D:1      | Reached ** piety under Trog
   560 | D:1      | Reached XP level 3. HP: 33/33 MP: 3/3
   853 | D:2      | Reached skill level 4 in Fighting
  1329 | D:2      | Noticed Natasha
  1340 | D:2      | Killed Natasha
  1340 | D:2      | Reached XP level 4. HP: 41/41 MP: 4/4
  1801 | D:2      | Reached *** piety under Trog
  1887 | D:2      | Received a gift from Trog
  1887 | D:2      | Reached XP level 5. HP: 44/47 MP: 5/5
  1909 | D:2      | Noticed Natasha
  1913 | D:2      | Killed Natasha
  2107 | D:2      | Noticed Natasha
  2113 | D:2      | Killed Natasha
  2438 | D:3      | Found a snail-covered altar of Cheibriados.
  2516 | D:3      | Found a sparkling altar of Nemelex Xobeh.
  2812 | D:3      | Noticed a centaur
  2822 | D:3      | Killed a centaur
  2822 | D:3      | Reached skill level 1 in Throwing
  3041 | D:3      | Noticed Sigmund
  3053 | D:3      | Killed Sigmund
  3053 | D:3      | Reached XP level 6. HP: 55/55 MP: 6/6
  3186 | D:4      | Reached skill level 5 in Fighting
  3186 | D:4      | Your scales start taking on a pale cyan-grey colour.
  3186 | D:4      | Reached XP level 7. HP: 61/61 MP: 7/7
  3325 | D:4      | Found a stormy altar of Qazlal.
  3431 | D:4      | Noticed duckroller's ghost (amateur DEFE)
  3461 | D:4      | Noticed Menkaure
  3468 | D:4      | Killed Menkaure
  3533 | D:4      | Found a staircase to the Ecumenical Temple.
  3666 | D:4      | Reached **** piety under Trog
  3756 | D:4      | Received a gift from Trog
  3943 | Temple   | Entered the Ecumenical Temple
  3972 | D:5      | Entered Level 5 of the Dungeon
  3990 | D:5      | Noticed Dowan
  3993 | D:5      | Noticed Duvessa
  4009 | D:5      | Killed Dowan
  4020 | D:5      | Killed Duvessa
  4020 | D:5      | Reached XP level 8. HP: 45/70 MP: 8/8
  4020 | D:5      | Reached skill level 6 in Fighting
  4216 | D:5      | Reached skill level 5 in Axes
  4337 | D:5      | Found an ancient bone altar of Kikubaaqudgha.
  4459 | D:5      | Found an opulent altar of Gozag.
  4828 | D:6      | Found a bloodstained altar of Trog.
  5026 | D:6      | Reached skill level 5 in Shields
  5335 | D:6      | Reached skill level 5 in Dodging
  5407 | D:7      | Reached XP level 9. HP: 73/78 MP: 9/9
  5490 | D:7      | Killed duckroller's ghost
  5499 | D:7      | Reached skill level 7 in Fighting
  5564 | D:7      | Found a blossoming altar of Fedhas.
  6375 | D:8      | Reached skill level 8 in Fighting
  6406 | D:8      | Found a staircase to the Lair.
  6448 | D:8      | Reached ***** piety under Trog
  6448 | D:8      | Reached XP level 10. HP: 52/88 MP: 10/10
  6701 | D:8      | Noticed a queen ant
  6730 | D:8      | Killed a queen ant
  6779 | D:8      | HP: 4/135 [soldier ant (8)]
  6781 | D:8      | HP: 1/135 [poisoned by a soldier ant]
  6781 | D:8      | Mangled by a soldier ant

Action                   |  1- 3 |  4- 6 |  7- 9 | 10-12 || total
-------------------------+-------+-------+-------+-------++-------
Melee: Hand axe          |   104 |   142 |       |       ||   246
       War axe           |       |    14 |   266 |   104 ||   384
Throw: Tomahawk          |       |    20 |    44 |       ||    64
Invok: Berserk           |     1 |     3 |     3 |     2 ||     9
       Trog's Hand       |     1 |     1 |     2 |     3 ||     7
       Burn Spellbooks   |       |     1 |     1 |     1 ||     3
 Abil: Breathe Steam     |       |       |    30 |    12 ||    42
  Use: Scroll            |       |       |    16 |       ||    16
 Stab: Sleeping          |     2 |     3 |     4 |       ||     9
  Eat: Chunk             |     2 |     5 |    33 |     2 ||    42
       Fruit             |       |     2 |       |       ||     2
       Bread ration      |       |     1 |       |       ||     1
